 Dungeon Crawl Stone Soup version 0.30-a0-799-g109b55a442 (webtiles) character file.

Game seed: 1313378756104005812

4166 Aneyh the Fighter (level 10, 0/62 (67) HPs)
             Began as a Tengu Monk on Feb 20, 2023.
             Was an Elder of Hepliaklqana.
             Killed by divine providence
             ... invoked by an orc priest
              (11 damage)
             ... on level 8 of the Dungeon.
             The game lasted 00:21:02 (6618 turns).

Aneyh the Fighter (Tengu Monk)                      Turns: 6618, Time: 00:21:02

HP:   0/62 (67)     AC: 14    Str: 18    XL:     10   Next: 28%
MP:   11/11         EV: 14    Int: 14    God:    Hepliaklqana [****..]
Gold: 430           SH:  0    Dex: 16    Spells: 6/9 levels left

rFire   . . .      SeeInvis .    c - +2 spear
rCold   . . .      Faith    .    (no shield)
rNeg    . . .      Spirit   .    v - +5 ring mail "Zaecet" {Str+3 Int+2}
rPois   .          Reflect  .    B - +2 hat
rElec   .          Harm     .    x - +0 cloak
rCorr   +          Rampage  .    H - +0 pair of gloves
Will    .....                    (boots unavailable)
Stlth   +                        (no amulet)
HPRegen 0.30/turn                e - ring of resist corrosion
MPRegen 0.12/turn                (no ring)

@: flying quickly and evasively, drained, quick
A: reduced essence, beak, talons 3, nimble flight
a: Renounce Religion, Recall Ancestor, Ancestor Identity, Transference, Idealise


You were on level 8 of the Dungeon.
You worshipped Hepliaklqana.
Hepliaklqana was greatly pleased with you.
You visited 1 branch of the dungeon, and saw 8 of its levels.

You collected 430 gold pieces.

Inventory:

Hand Weapons
 a - the +6 falchion of the Toothy God {freeze, Int+3}
   (You found it on level 2 of the Dungeon)

   Int:       It affects your intelligence (+3).
 c - a +2 spear (weapon)
 k - a +0 spear
 u - a +0 falchion of distortion
 G - a +0 shortbow
 I - a +0 trident
 M - a +0 halberd
 Q - a +2 scimitar
 R - a +0 great sword
 S - a +4 great sword
Missiles
 L - a throwing net
Armour
 d - a +0 leather armour
 g - a +0 robe
 v - the +5 ring mail "Zaecet" (worn) {Str+3 Int+2}
   (You found it on level 4 of the Dungeon)

   Str:       It affects your strength (+3).
   Int:       It affects your intelligence (+2).
 w - +0 steam dragon scales
 x - a +0 cloak (worn)
 B - a +2 hat (worn)
 H - a +0 pair of gloves (worn)
 O - a +1 robe of willpower
Jewellery
 e - a ring of resist corrosion (left hand)
Wands
 y - a wand of charming (10)
 P - a wand of acid (8)
 T - a wand of flame (17)
Scrolls
 b - a scroll of poison {unknown}
 f - 2 scrolls of brand weapon
 h - 2 scrolls of amnesia
 i - 3 scrolls of noise
 l - a scroll of enchant armour {unknown}
 n - 4 scrolls of teleportation
 o - 2 scrolls of fog {unknown}
 r - 2 scrolls of butterflies {unknown}
 z - 2 scrolls of enchant weapon
 A - a scroll of silence {unknown}
 K - a scroll of blinking {unknown}
 N - a scroll of fear {unknown}
Potions
 j - a potion of might {unknown}
 m - a potion of haste {unknown}
 p - a potion of heal wounds
 q - 2 potions of cancellation {unknown}
 s - a potion of resistance {unknown}
 t - 2 potions of flight {unknown}
 C - a potion of magic {unknown}
 D - 2 potions of curing {unknown}
 E - a potion of ambrosia
 F - a potion of degeneration {unknown}
 J - a potion of lignification {unknown}


   Skills:
 + Level 14.3 Fighting
 - Level 3.2 Polearms
 - Level 3.2 Dodging
 - Level 2.0 Stealth
 - Level 4.0 Summonings


You had 6 spell levels left.
You knew the following spells:

 Your Spells              Type           Power      Damage    Failure   Level
a - Call Canine Familiar  Summ           11%        N/A       30%         3

Your spell library contained the following spells:

 Spells                   Type           Power      Damage    Failure   Level
 Kiss of Death            Conj/Necr      0%         2d5       45%         1
 Shock                    Conj/Air       0%         1d3       45%         1
 Slow                     Hex            0%         N/A       45%         1
 Confusing Touch          Hex            0%         N/A       83%         3
 Portal Projectile        Hex/Tloc       0%         N/A       83%         3
 Swiftness                Air            0%         N/A       83%         3
 Vampiric Draining        Necr           0%         2d6       83%         3
 Airstrike                Air            0%         2d(0-16)  99%         4
 Animate Dead             Necr           0%         N/A       99%         4
 Dispel Undead            Necr           0%         3d6       99%         4
 Leda's Liquefaction      Hex/Erth       0%         N/A       99%         4
 Passage of Golubria      Tloc           0%         N/A       99%         4
 Silence                  Hex/Air        0%         N/A       100%        5
 Haunt                    Necr/Summ      2%         N/A       100%        7
 Infestation              Necr           0%         N/A       100%        8
 Lehudib's Crystal Spear  Conj/Erth      0%         10d2      100%        8


Dungeon Overview and Level Annotations

Branches:
Dungeon (8/15)             Temple (0/1) D:4
   Lair: D:8-11

Altars:
Cheibriados
Hepliaklqana
Qazlal
Wu Jian
Xom
Zin

Shops:
D:3 *

Annotations:
D:4 3 runed translucent doors, Octodad's ghost, amateur OpTm


Innate Abilities, Weirdness & Mutations

Your life essence is reduced to manifest your ancestor. (-10% HP)
You have a beak for a mouth.
You have claws for feet.
Your magical nature lets you fly swiftly and evasively.


Message History

The orc priest closely misses Cenhelm.
Something hits Cenhelm but does no damage.
Reach: c) +2 spear
Press: ? - help, Dir - move target, f/p - wight
Aim: a wight, wielding a +1 halberd and wearing a +0 robe (about 29% to evade your +2 spear)
You reach to attack!
You hit the wight.
The wight is lightly damaged.
Cenhelm hits the orc priest with a +0 flail.
The wight completely misses you.
The orc priest hits Cenhelm but does no damage.
Something hits Cenhelm but does no damage.
Reach: c) +2 spear
Press: ? - help, Dir - move target, f/p - wight
Aim: a wight, wielding a +1 halberd and wearing a +0 robe (lightly damaged, about 29% to evade your +2 spear)
You reach to attack!
You completely miss the wight.
The wight is lightly damaged.
Cenhelm hits something with a +0 flail!
The wight closely misses you.
The orc priest hits Cenhelm but does no damage.
Cenhelm blocks something's attack.
Reach: c) +2 spear
Press: ? - help, Dir - move target, f/p - wight
Aim: a wight, wielding a +1 halberd and wearing a +0 robe (lightly damaged, about 29% to evade your +2 spear)
You reach to attack!
You hit the wight.
The wight is heavily damaged.
Cenhelm closely misses something.
The orc priest calls down the wrath of Beogh upon you.
Beogh smites you!
* * * LOW HITPOINT WARNING * * *
The wight hits you from afar with a +1 halberd.
* * * LOW HITPOINT WARNING * * *
You feel drained.
A magic dart appears from out of thin air!
The magic dart hits Cenhelm.
Cenhelm hits the wight but does no damage.
The orc priest barely misses Cenhelm.
Cenhelm blocks the wight's attack.
Something closely misses Cenhelm.
Okay, then.
The orc priest invokes the aid of Beogh against you.
Beogh smites you!
You die...

... ..... ..##.....
#..####.. ######..##....
#..........##.
###########.............
#.o.....#)))####..####..
#.#.R......###.......#..
#R###..@.#####..........


zo) ###..# #.........#. .zzzo ##.####.........#. ..).:z. #..............##
..#####.. ##............)#. ....JYF.... #####.......<).. .....(./.....
#......).)). #........... #........[.. You could see the friendly Cenhelm the
knight and an orc priest.

Vanquished Creatures
  Pikel (D:7)
  Psyche (D:8)
  A steam dragon (D:4)
  Menkaure (D:6)
  A water moccasin (D:7)
  2 sky beasts (D:7)
  3 centaurs
  2 kobold brigands (D:8)
  2 bullfrogs (D:7)
  2 necrophages
  10 wights
  2 killer bees (D:7)
  2 howler monkeys (D:6)
  An orc priest (D:6)
  7 hounds
  2 jellies
  5 iguanas
  3 orc wizards
  2 adders (D:5)
  3 gnolls
  2 shadow imps
  A white imp (D:6)
  3 worms
  2 dart slugs
  16 orcs
  2 endoplasms
  5 giant cockroaches
  5 goblins
  8 hobgoblins
  7 jackals (D:4)
  8 kobolds
  8 quokkas
  7 ball pythons
  3 bats
  2 frilled lizards
  2 rats
134 creatures vanquished.

Vanquished Creatures (collateral kills)
  A water moccasin (D:8)
  An ice beast (D:6)
  An ogre (D:7)
  A centaur (D:7)
  3 wights (D:8)
  2 killer bees
  2 jellies (D:6)
  3 orc priests
  A hound (D:6)
  A gnoll bouda (D:7)
  2 iguanas (D:6)
  3 orc wizards
  3 gnolls (D:7)
  An adder (D:4)
  2 shadow imps (D:6)
  2 ufetubi
  6 orcs
  A jackal (D:4)
  4 kobolds (D:8)
  A ball python (D:4)
41 creatures vanquished.

Grand Total: 175 creatures vanquished

Notes
Turn   | Place    | Note
-------+----------+-------------------------------------------
     0 | D:1      | Aneyh the Tengu Monk began the quest for the Orb.
     0 | D:1      | Reached XP level 1. HP: 14/14 MP: 2/2
   200 | D:1      | Reached XP level 2. HP: 19/19 MP: 3/3
   483 | D:1      | Reached skill level 4 in Fighting
   835 | D:2      | Reached XP level 3. HP: 24/24 MP: 4/4
   901 | D:2      | Identified the +6 falchion of the Toothy God {freeze,
                  | Int+3}
  1028 | D:2      | Reached XP level 4. HP: 21/30 MP: 5/5
  1285 | D:2      | Found a faded altar of an unknown god.
  1711 | D:3      | Found a glowing silver altar of Zin.
  1828 | D:3      | Reached skill level 5 in Fighting
  2240 | D:3      | Found Lueti's Assorted Antiques.
  2471 | D:4      | Gained mutation: Your magical nature lets you fly swiftly
                  | and evasively. [Tengu growth]
  2471 | D:4      | Reached XP level 5. HP: 7/36 MP: 6/6
  2636 | D:4      | Found a hazy altar of Hepliaklqana.
  2646 | D:4      | Became a worshipper of Hepliaklqana the Forgotten
  2646 | D:4      | Reached * piety under Hepliaklqana
  2646 | D:4      | Reached ** piety under Hepliaklqana
  2647 | D:4      | Remembered your ancestor Cenhelm as a knight
  2684 | D:4      | Noticed Octodad's ghost (amateur OpTm)
  2713 | D:4      | Identified the +5 ring mail "Zaecet" {Str+3 Int+2}
  2849 | D:4      | Reached skill level 6 in Fighting
  2899 | D:4      | Found a staircase to the Ecumenical Temple.
  2899 | D:4      | Noticed a steam dragon
  2906 | D:4      | Killed a steam dragon
  2907 | D:4      | Reached skill level 7 in Fighting
  2907 | D:4      | Reached XP level 6. HP: 18/39 MP: 7/7
  3021 | D:4      | Found an ornate altar of the Wu Jian Council.
  3038 | D:4      | Found a stormy altar of Qazlal.
  3110 | D:4      | Found a runed translucent gate.
  3110 | D:4      | Found a runed translucent gate.
  3110 | D:4      | Found a runed translucent gate.
  3167 | D:5      | Entered Level 5 of the Dungeon
  3307 | D:5      | Reached XP level 7. HP: 43/43 MP: 8/8
  3612 | D:5      | Reached *** piety under Hepliaklqana
  3622 | D:6      | Reached skill level 8 in Fighting
  3771 | D:6      | Reached skill level 9 in Fighting
  3908 | D:6      | Noticed Menkaure
  3916 | D:6      | Reached XP level 8. HP: 32/50 MP: 9/9
  3917 | D:6      | Killed Menkaure
  4003 | D:6      | Reached skill level 10 in Fighting
  4173 | D:6      | Learned a level 3 spell: Call Canine Familiar
  4433 | D:6      | Reached skill level 1 in Summonings
  4574 | D:7      | Reached skill level 11 in Fighting
  4918 | D:7      | Found a shimmering altar of Xom.
  4919 | D:7      | Found a shimmering altar of Xom.
  4920 | D:7      | Found a shimmering altar of Xom.
  4920 | D:7      | Found a shimmering altar of Xom.
  4957 | D:7      | Reached XP level 9. HP: 56/57 MP: 10/10
  5035 | D:7      | Noticed Pikel
  5046 | D:7      | Killed Pikel
  5048 | D:7      | Reached skill level 12 in Fighting
  5276 | D:7      | Found a snail-covered altar of Cheibriados.
  5829 | D:8      | Reached **** piety under Hepliaklqana
  5839 | D:8      | Noticed Psyche
  5859 | D:8      | Killed Psyche
  5860 | D:8      | Reached skill level 13 in Fighting
  5999 | D:8      | Reached XP level 10. HP: 54/65 MP: 7/11
  6399 | D:8      | Reached skill level 14 in Fighting
  6585 | D:8      | Noticed a catoblepas
  6618 | D:8      | Killed from afar by an orc priest

Illustrated notes

Levels and vault maps discovered:
D:1:      eino_arrival_cavern_a, layout_loops_ring
D:2:      layout_basic, shapermc_ecumenical_altar_mp_vishouse,
          minmay_misc_feat_doors, nicolae_underground_beach
D:3:      layout_loops_corners, mainiacjoe_overflow_brackets, serial_shops,
          nicolae_shop_overgrown_old_shop, kennysheep_flooded_box,
          minmay_fractal_squares_5
D:4:      layout_rooms, mainiacjoe_overflow_surrounded_room,
          mainiacjoe_overflow_large_starburst, minmay_temple_entry_mini_moons,
          gammafunk_ghost_split
D:5:      layout_rooms, chequers_serial_rivers_micro_c
D:6:      kennysheep_six_static_rooms, layout_rooms, nicolae_lava_and_water,
          uniq_menkaure
D:7:      layout_loops_ring, cheibriados_altar_1, xom_redecorated,
          minmay_misc_feat_five, uniq_pikel
D:8:      layout_rooms, grunt_potential, uniq_psyche

Skill      XL: |  1  2  3  4  5  6  7  8  9 10 |
---------------+-------------------------------+-----
Fighting       | 4 5 7 9 11 13 14 | 14.3
Summonings     | 2 4 |  4.0
Polearms       | |  3.2
Dodging        | |  3.2
Stealth        | |  2.0

Action                     |  1- 3 |  4- 6 |  7- 9 | 10-12 || total
---------------------------+-------+-------+-------+-------++-------
  Melee: Spear             |    47 |       |       |     9 ||    56
         Kick              |    14 |    18 |    43 |    12 ||    87
         Peck              |     7 |    13 |    26 |     5 ||    51
         Punch             |     1 |       |     2 |       ||     3
         Falchion          |     5 |    89 |   138 |    43 ||   275
         Trident           |       |       |     4 |       ||     4
         Unarmed           |       |       |     3 |       ||     3
         Halberd           |       |       |       |     7 ||     7
   Fire: Shortbow          |       |       |     8 |       ||     8
   Cast: Call Canine Famil |       |       |     5 |     3 ||     8
 Invoke: Ancestor Life: Kn |       |     1 |       |       ||     1
         Ancestor Identity |       |     1 |       |       ||     1
         Recall Ancestor   |       |       |     2 |     1 ||     3
    Use: Potion            |       |     1 |     1 |       ||     2
         Scroll            |       |     2 |     4 |       ||     6
   Stab: Sleeping          |     8 |     6 |     2 |       ||    16
 Armour: Robe              |     2 |       |       |       ||     2
         Leather armour    |       |    15 |       |       ||    15
         Ring mail         |       |     5 |    80 |    19 ||   104
         Skin              |       |       |     3 |       ||     3
  Dodge: Dodged            |     8 |    68 |   126 |    64 ||   266

Table legend: (Time is in decaauts)
 A = Elapsed time spent in this place.
 B = Non-inter-level travel time spent in this place.
 C = Inter-level travel time spent in this place.
 D = Time resting spent in this place.
 E = Time spent auto-exploring this place.
 F = Levels seen in this place.
 G = Mean time per level.
                   A        B        C        D        E       F      G
               +--------+--------+--------+--------+--------+-----+--------+
         Total |   6513 |   6377 |    136 |   1496 |   3651 |   8 |  814.1 |
       Dungeon |   6513 |   6377 |    136 |   1496 |   3651 |   8 |  814.1 |
               +--------+--------+--------+--------+--------+-----+--------+

Top non-repeatable levels by time:
     D:7: 1496 daAuts
     D:3: 932 daAuts
     D:6: 925 daAuts
     D:1: 814 daAuts
     D:2: 758 daAuts
     D:4: 647 daAuts
     D:8: 521 daAuts
     D:5: 416 daAuts
